 Dungeon Crawl Stone Soup version 0.30-a0-860-g512cf1e979 (webtiles) character file.

Game seed: 5939426575735090973

114 zenocrate the Insei (level 4, -5/28 HPs)
             Began as an Octopode Transmuter on Mar 7, 2023.
             Slain by an orc
             ... wielding a +1 falchion of electrocution
              (17 damage)
             ... on level 3 of the Dungeon.
             The game lasted 00:02:03 (1892 turns).

zenocrate the Insei (Octopode Transmuter)           Turns: 1892, Time: 00:02:04

Health: -5/28      AC:  1    Str:  9    XL:     4   Next: 98%
Magic:  6/7        EV: 13    Int: 17    God:
Gold:   188        SH:  0    Dex: 12    Spells: 0/7 levels left

rFire   . . .      SeeInvis .      - Unarmed
rCold   . . .      Faith    .    (no shield)
rNeg    . . .      Spirit   .    (helmet currently unavailable)
rPois   .          Reflect  .    (no amulet)
rElec   .          Rampage  .    (no ring)
rCorr   .          Rage     3%   (no ring)
Will    .....                    (no ring)
Stlth   +++                      (no ring)
HPRegen 0.24/turn                (no ring)
MPRegen 0.10/turn                (no ring)
                                 (no ring)
                                 (no ring)

@: appendages
A: tentacle spike 3, almost no armour, amphibious, 8 rings, camouflage 1,
gelatinous body 1, (nimble swimmer 1), tentacles, berserk 1
a: End Transformation


You were on level 3 of the Dungeon.
One of your tentacles had grown a beastly spike.
You visited 1 branch of the dungeon, and saw 3 of its levels.

You collected 188 gold pieces.

Inventory:

Missiles
 h - 2 throwing nets
Wands
 m - a wand of roots (10)
Scrolls
 b - a scroll of torment {unknown}
 c - a scroll of amnesia {unknown}
 f - 3 scrolls of teleportation
 i - a scroll of vulnerability {unknown}
 k - a scroll of noise {unknown}
 l - a scroll of silence {unknown}
 q - a scroll of poison {unknown}
 r - a scroll of fear {unknown}
Potions
 a - a potion of lignification
 d - a potion of resistance {unknown}
 e - 3 potions of cancellation
 g - a potion of brilliance {unknown}
 j - 3 potions of flight
 n - a potion of berserk rage {unknown}
 o - 2 potions of attraction {unknown}
 p - 3 potions of curing {unknown}


   Skills:
 - Level 1.0 Fighting
 - Level 2.0 Dodging
 - Level 1.2 Stealth
 + Level 4.3 Unarmed Combat
 - Level 2.0 Spellcasting
 + Level 3.6 Transmutations
 + Level 0.4 Ice Magic


You couldn't memorise any spells.
You knew the following spells:

 Your Spells              Type           Power      Damage    Failure   Level
a - Beastly Appendage     Tmut           26%        N/A       4%          1
b - Wereblood             Tmut           13%        N/A       7%          2
c - Ice Form              Ice/Tmut       8%         N/A       63%         4

Your spell library contained the following spells:

 Spells                   Type           Power      Damage    Failure   Level
 Spider Form              Tmut/Pois      7%         N/A       28%         3
 Iskenderun's Battlesphe  Conj           1%         2d6       99%         5
 Iron Shot                Conj/Erth      0%         9d1       100%        6
 Spellforged Servitor     Conj/Summ      0%         N/A       100%        7


Dungeon Overview and Level Annotations

Branches:
Dungeon (3/15)

Altars:


Innate Abilities, Weirdness & Mutations

One of your tentacles has grown a beastly spike.
You cannot wear most types of armour.
You are amphibious.
You can wear up to eight rings at the same time.
Your skin changes colour to match your surroundings (Stealth+).
Your rubbery body absorbs attacks. (AC +1, EV +1)
((You are camouflaged when in or above water. (Stealth+)))
You have tentacles for arms and can constrict up to eight enemies at once.
You sometimes lose your temper in combat.


Message History

You tentacle-slap the dart slug.
You kill the dart slug!
You see here an adder corpse.
p - 3 lumpy coppery potions (gained 1)
You see here a +0 ring mail.
An orc comes into view. It is wielding a +0 flail.
The orc moves out of view.
No target in view!
An orc is nearby!
An orc is nearby!
An orc comes into view.
It is wielding a +1 falchion of electrocution.
An orc comes into view. It is wielding a +0 dagger.
There are monsters nearby!
An orc comes into view.
It is wielding a +2 hand axe of flaming.
The orc shouts! x2
An orc comes into view. It is wielding a +0 whip.
The orc hits you with a +0 flail.
There are monsters nearby!
The orc shouts! x2
You tentacle-slap the orc. You grab the orc.
The orc is almost dead.
You constrict the orc.
You kill the orc!
There are monsters nearby!
An iguana comes into view.
Found a scroll labelled RUOG USOBUA.
You see here a +0 flail.
There are monsters nearby!
You bludgeon the orc! You grab the orc. You squeeze the orc.
You kill the orc!
Casting: Wereblood (safe; 7% risk of failure)
Confirm with . or Enter, or press ? or * to list all spells.
One of your tentacles grows a vicious spike.
The orc barely misses you.
The orc hits you with a +2 hand axe of flaming!
The orc burns you.
The orc hits you with a +1 falchion of electrocution.
You are electrocuted!
Ouch! That really hurt!
You die...

#.............
#............#
#............#
####............'
###.................#
....................#
....).......ooo......
...........@.......
..........)..#####
#..##............
#†.#?..........l
#.#.......?....
####†#............
#.................
#........|.......?
#.....[...........


You could see an iguana (asleep) and 3 orcs.

Vanquished Creatures
  Robin (D:2)
  3 adders
  3 dart slugs
  3 orcs
  7 bats
  4 endoplasms
  2 giant cockroaches (D:2)
  9 goblins (D:2)
  10 hobgoblins
  6 kobolds
  3 quokkas
  2 ball pythons (D:2)
  4 frilled lizards
  7 rats
64 creatures vanquished.

Notes
Turn   | Place    | Note
-------+----------+-------------------------------------------
     0 | D:1      | zenocrate the Octopode Transmuter began the quest for the
                  | Orb.
     0 | D:1      | Reached XP level 1. HP: 13/13 MP: 3/3
   229 | D:1      | Reached skill level 1 in Stealth
   230 | D:1      | Reached XP level 2. HP: 18/18 MP: 5/5
   233 | D:1      | Learned a level 2 spell: Wereblood
   525 | D:1      | Reached XP level 3. HP: 21/23 MP: 6/6
  1158 | D:2      | Noticed Robin
  1170 | D:2      | Killed Robin
  1171 | D:2      | Reached skill level 4 in Unarmed Combat
  1171 | D:2      | Reached XP level 4. HP: 14/28 MP: 4/7
  1719 | D:2      | Gained mutation: You are partially covered in iridescent
                  | scales. (AC +2) [potion of mutation]
  1719 | D:2      | Gained mutation: Your body sometimes deteriorates upon
                  | taking damage. [potion of mutation]
  1719 | D:2      | Gained mutation: You are strong-willed. (Will+) [potion of
                  | mutation]
  1720 | D:2      | Lost mutation: Your body sometimes deteriorates upon taking
                  | damage. [potion of mutation]
  1720 | D:2      | Lost mutation: You are strong-willed. (Will+) [potion of
                  | mutation]
  1720 | D:2      | Lost mutation: You are partially covered in iridescent
                  | scales. (AC +2) [potion of mutation]
  1720 | D:2      | Gained mutation: You sometimes lose your temper in combat.
                  | [potion of mutation]
  1735 | D:2      | Learned a level 4 spell: Ice Form
  1892 | D:3      | Slain by an orc

Illustrated notes

Levels and vault maps discovered:
D:1:      lemuel_arrival_hallway, layout_loops_ring, serial_rivers,
          chequers_serial_rivers_large_b, chequers_serial_rivers_marsh,
          chequers_serial_rivers_micro_c, chequers_serial_rivers_marsh,
          chequers_serial_rivers_micro_e, minmay_heptomino_o4
D:2:      layout_rooms, corexii_leaking_fountain, grunt_ministairs_5, uniq_robin
D:3:      layout_basic, dk_noncrumbling_3

Skill      XL: |  1  2  3 |
---------------+----------+-----
Stealth        | 1 |  1.2
Transmutations | 3 |  3.6
Unarmed Combat | 4 |  4.3
Fighting       | |  1.0
Dodging        | |  2.0
Spellcasting   | |  2.0
Ice Magic      | |  0.4

Action                     |  1- 3 |  4- 6 || total
---------------------------+-------+-------++-------
  Melee: Unarmed           |    78 |    52 ||   130
         Tentacles         |    17 |     5 ||    22
         Constrict         |    17 |    12 ||    29
         Kick              |     7 |     1 ||     8
   Cast: Beastly Appendage |     4 |     2 ||     6
         Wereblood         |     4 |     1 ||     5
    Use: Scroll            |     1 |     3 ||     4
         Potion            |     1 |     2 ||     3
   Stab: Sleeping          |     9 |     4 ||    13
 Armour: Skin              |    11 |    24 ||    35
  Dodge: Dodged            |    45 |    25 ||    70

Table legend: (Time is in decaauts)
 A = Elapsed time spent in this place.
 B = Non-inter-level travel time spent in this place.
 C = Inter-level travel time spent in this place.
 D = Time resting spent in this place.
 E = Time spent auto-exploring this place.
 F = Levels seen in this place.
 G = Mean time per level.
                   A        B        C        D        E       F      G
               +--------+--------+--------+--------+--------+-----+--------+
         Total |   1882 |   1831 |     51 |      0 |   1451 |   3 |  627.3 |
       Dungeon |   1882 |   1831 |     51 |      0 |   1451 |   3 |  627.3 |
               +--------+--------+--------+--------+--------+-----+--------+

Top non-repeatable levels by time:
     D:1: 996 daAuts
     D:2: 759 daAuts
     D:3: 126 daAuts
